AoeStats
← Malik Bhai

Hideout

507646845Analyzed
1v1 RM · 13d ago on Sep 19, 2026· 34m 53s· 2 players
Game mode
Random Map
Map size
Tiny (2 player)
Population
200
Speed
Normal
Resources
Standard
Victory
Conquest
Starting age
Dark Age
Ending age
Imperial Age
RankedLock teamsTeams togetherTeam positionsShared explorationLock speedFull tech treeHidden civsTurbo modeCheats
Victory
Defeat
🇵🇰 Cumans · Pakistan
1773
+18
🇺🇸 Teutons · United States
1806
-18
Malik Bhai
6:21 Loom
8:29 Feudal Age
9:36 Loom
12:46 Double-Bit Axe
12:42 Horse Collar
17:07 Fletching
23:29 Castle Age
24:21 Scale Barding Armor
24:47 Bodkin Arrow
25:40 Chain Barding Armor
27:03 Forging
27:06 Bloodlines
26:27 Capped Ram
31:10 Wheelbarrow
30:07 Light Cavalry
32:37 Iron Casting
Kaepirinha
8:51 Feudal Age
7:07 Loom
9:24 Double-Bit Axe
14:00 Stone Mining
15:26 Fletching
20:06 Horse Collar
21:33 Wheelbarrow
21:53 Gold Mining
25:51 Castle Age
26:54 Bow Saw
27:01 Scale Barding Armor
27:40 Forging
34:40 Bloodlines
Connection lost

Rejoining the realm…

Still unreachable

The connection could not be restored.

Session expired

The server has moved on; the page needs a fresh start.